 Dungeon Crawl Stone Soup version 0.24.1-11-gbbbb2193e6 (webtiles) character file.

Game seed: 5064180721819673388, levelgen mode: deterministic

2134 Mrkan the Shield-Bearer (level 9, 0/74 HPs)
             Began as a Gnoll Fighter on May 15, 2020.
             Was a Follower of Ashenzari.
             Slain by a centaur (2 damage)
             ... on level 7 of the Dungeon.
             The game lasted 00:08:57 (6419 turns).

Mrkan the Shield-Bearer (Gnoll Fighter)             Turns: 6419, Time: 00:08:57

Health: 0/74       AC: 17    Str: 21    XL:     9   Next: 30%
Magic:  15/15      EV:  8    Int: 12    God:    Ashenzari [*.....]
Gold:   299        SH: 11    Dex: 14    Spells: 16/16 levels left

rFire    . . .     SeeInvis .   a - +0 trident
rCold    . . .     Gourm    .   c - +0 shield (curse)
rNeg     . . .     Faith    .   m - +0 chain mail
rPois    .         Spirit   .   g - +2 hat (curse)
rElec    .         Reflect  .   y - +0 cloak {MR+} (curse)
rCorr    .         Harm     .   (no gloves)
MR       +....                  n - +0 pair of boots
Stlth    ..........             (no amulet)
HPRegen  0.22/turn              z - +2 ring of protection
MPRegen  0.14/turn              (no ring)

@: no status effects
A: distributed training, fangs 1, strong nose
a: Curse Item, Scrying, Renounce Religion


You were on level 7 of the Dungeon.
You worshipped Ashenzari.
Ashenzari was aware of your devotion.
You were not hungry.

You visited 1 branch of the dungeon, and saw 7 of its levels.

You collected 299 gold pieces.

Inventory:

Hand Weapons
 a - a +0 trident (weapon)
Missiles
 D - 15 sling bullets
Armour
 c - a cursed +0 shield (worn)
 g - a cursed +2 hat (worn)
 m - a +0 chain mail (worn)
 n - a +0 pair of boots (worn)
 y - a cursed +0 cloak of magic resistance (worn)
Jewellery
 h - an uncursed ring of flight
 t - an uncursed ring of ice
 w - an uncursed ring of protection from fire
 z - a +2 ring of protection (left hand)
Wands
 o - a wand of flame (37)
Scrolls
 b - 4 scrolls of magic mapping {unknown}
 i - 2 scrolls of enchant armour {unknown}
 k - 9 scrolls of identify {unknown}
 l - a scroll of fear {unknown}
 p - 6 scrolls of teleportation {unknown}
 q - a scroll of random uselessness {unknown}
 r - 6 scrolls of amnesia {unknown}
 x - 3 scrolls of fog {unknown}
 A - a scroll of enchant weapon {unknown}
 B - a scroll of remove curse
 C - a scroll of vulnerability {unknown}
 E - a scroll of summoning {unknown}
Potions
 d - a potion of might
 e - 2 potions of agility {unknown}
 j - a potion of haste {unknown}
 s - a potion of curing {unknown}
 u - a potion of invisibility {unknown}
 v - a potion of lignification {unknown}
Comestibles
 f - 15 rations
 F - a chunk of flesh


   Skills:
 + Level 7.8 Fighting
 + Level 4.0 Short Blades
 + Level 4.0 Long Blades
 + Level 4.0 Axes
 + Level 4.0 Maces & Flails
 + Level 6.2 Polearms
 + Level 4.0 Staves
 + Level 4.0 Slings
 + Level 4.0 Bows
 + Level 4.0 Crossbows
 + Level 4.0 Throwing
 + Level 7.8 Armour
 + Level 4.0 Dodging
 + Level 4.0 Stealth
 + Level 7.8 Shields
 + Level 4.0 Unarmed Combat
 + Level 4.0 Spellcasting
 + Level 3.3 Conjurations
 + Level 3.3 Hexes
 + Level 3.3 Charms
 + Level 3.3 Summonings
 + Level 3.3 Necromancy
 + Level 3.3 Translocations
 + Level 3.3 Transmutations
 + Level 3.3 Fire Magic
 + Level 3.3 Ice Magic
 + Level 3.3 Air Magic
 + Level 3.3 Earth Magic
 + Level 3.3 Poison Magic
 + Level 4.4 Invocations
 + Level 4.0 Evocations


You had 16 spell levels left.
You didn't know any spells.
Your spell library contained the following spells:

 Spells                   Type           Power        Failure   Level  Hunger
 Corona                   Hex            ##.....      71%         1    #......
 Ensorcelled Hibernation  Hex/Ice        ##....       85%         2    ##.....
 Confuse                  Hex            ##......     97%         3    ###....
 Dazzling Spray           Conj/Hex       ##....       97%         3    ###....
 Tukima's Dance           Hex            ##......     97%         3    ###....


Dungeon Overview and Level Annotations

Branches:
Dungeon (7/15)             Temple (0/1) D:5

Altars:
Ashenzari
Dithmenos
Hepliaklqana
Kikubaaqudgha
Makhleb
Qazlal
Uskayaw
Xom
Yredelemnul
Zin

Annotations:
D:6 2 transporters


Innate Abilities, Weirdness & Mutations

Your experience applies equally to all skills.
You have very sharp teeth.
Your uncanny sense of smell can sniff out nearby items.


Message History

The centaur shoots an arrow.
The arrow hits you but does no damage.
The centaur unwields a +0 shortbow.
You block the centaur's attack.
Items here: )) [[ a +0 flail; a +0 chain mail; a +0 dagger; a +0 leather armour You hit the centaur.
The centaur is lightly wounded.
The centaur hits you.
* * * LOW HITPOINT WARNING * * *
You block the centaur's attack.
You hit the centaur. Your bite misses the centaur.
The centaur is moderately wounded.
You block the centaur's attack.
You hit the centaur but do no damage. You bite the centaur.
The centaur is heavily wounded.
You block the centaur's attack. The centaur hits you.
* * * LOW HITPOINT WARNING * * *
You hit the centaur.
The centaur is heavily wounded.
The centaur hits you.
You die...

##.....##..##.######...#
....(..)..........####..
##.....###.#......>... #
......## #.#..###.###..#
.###.# #.#..# #.# ..# #.
#.#.÷# #.###..##. #.
#.#..# #.#....... #∆
###.#..###....:.?..
........÷(@c.....#.#
#.##...####<...#..# #...
#.#.## #^# #.......)#.#
. #..)...###.# #...#.#
.# #...#. .# # ∆


You could see a centaur.

Vanquished Creatures
  Joseph (D:7)
  3 ice beasts
  An orc warrior (D:7)
  2 sky beasts (D:5)
  An ogre (D:6)
  A gnoll sergeant (D:5)
  4 bullfrogs
  5 wights (D:6)
  2 crimson imps
  A jelly (D:7)
  A bullfrog zombie (D:5)
  A hound (D:7)
  Crazy Yiuf (D:3)
  An orc priest (D:4)
  2 orc wizards
  Ijyb (D:3)
  3 worker ants
  2 killer bee zombies
  A hound zombie (D:7)
  3 gnolls (D:5)
  6 adders
  2 oozes (D:3)
  A worm (D:4)
  3 dart slugs
  6 leopard geckos
  23 orcs
  9 bats
  A bat zombie (D:3)
  5 giant cockroaches
  6 hobgoblins
  9 jackals (D:5)
  2 quokkas
  2 ball pythons
  A ball python skeleton (D:6)
  7 frilled lizards
  7 goblins
  6 kobolds
  A leopard gecko zombie (D:7)
  A quokka zombie (D:5)
  9 rats
  5 rat zombies (D:3)
  2 fungi (D:3)
151 creatures vanquished.

Notes
Turn   | Place    | Note
-------+----------+-------------------------------------------
     0 | D:1      | Mrkan the Gnoll Fighter began the quest for the Orb.
     0 | D:1      | Reached XP level 1. HP: 23/23 MP: 1/1
    81 | D:1      | Reached XP level 2. HP: 14/29 MP: 2/2
   302 | D:1      | Reached XP level 3. HP: 35/35 MP: 3/3
   932 | D:2      | Reached skill level 1 in Invocations
  1043 | D:2      | Found a shattered altar of Ashenzari.
  1058 | D:2      | Became a worshipper of Ashenzari the Shackled
  1103 | D:2      | Reached skill level 1 in Short Blades
  1103 | D:2      | Reached skill level 1 in Long Blades
  1103 | D:2      | Reached skill level 1 in Axes
  1103 | D:2      | Reached skill level 1 in Maces & Flails
  1103 | D:2      | Reached skill level 1 in Staves
  1103 | D:2      | Reached skill level 1 in Slings
  1103 | D:2      | Reached skill level 1 in Bows
  1103 | D:2      | Reached skill level 1 in Crossbows
  1103 | D:2      | Reached skill level 1 in Throwing
  1103 | D:2      | Reached skill level 1 in Dodging
  1103 | D:2      | Reached skill level 1 in Stealth
  1103 | D:2      | Reached skill level 1 in Unarmed Combat
  1103 | D:2      | Reached skill level 1 in Spellcasting
  1103 | D:2      | Reached skill level 1 in Evocations
  1194 | D:2      | Found a hide-covered altar of Uskayaw.
  1416 | D:2      | Reached XP level 4. HP: 41/41 MP: 5/5
  1645 | D:3      | Found a stormy altar of Qazlal.
  1741 | D:3      | Reached skill level 1 in Conjurations
  1741 | D:3      | Reached skill level 1 in Hexes
  1741 | D:3      | Reached skill level 1 in Charms
  1741 | D:3      | Reached skill level 1 in Summonings
  1741 | D:3      | Reached skill level 1 in Necromancy
  1741 | D:3      | Reached skill level 1 in Translocations
  1741 | D:3      | Reached skill level 1 in Transmutations
  1741 | D:3      | Reached skill level 1 in Fire Magic
  1741 | D:3      | Reached skill level 1 in Ice Magic
  1741 | D:3      | Reached skill level 1 in Air Magic
  1741 | D:3      | Reached skill level 1 in Earth Magic
  1741 | D:3      | Reached skill level 1 in Poison Magic
  1824 | D:3      | Reached XP level 5. HP: 47/47 MP: 6/6
  1880 | D:3      | Found a basalt altar of Yredelemnul.
  1924 | D:3      | Found a burning altar of Makhleb.
  2089 | D:3      | Found a glowing silver altar of Zin.
  2090 | D:3      | Noticed an angel
  2090 | D:3      | Noticed a blizzard demon
  2194 | D:3      | Noticed Ijyb
  2202 | D:3      | Killed Ijyb
  2400 | D:3      | Found an ancient bone altar of Kikubaaqudgha.
  2405 | D:3      | Reached XP level 6. HP: 53/53 MP: 8/8
  2498 | D:3      | Found a runed translucent door.
  2499 | D:3      | Noticed Crazy Yiuf
  2513 | D:3      | Killed Crazy Yiuf
  3088 | D:4      | Reached skill level 5 in Polearms
  3635 | D:4      | Found a shadowy altar of Dithmenos.
  3905 | D:4      | Reached * piety under Ashenzari
  4130 | D:5      | Entered Level 5 of the Dungeon
  4397 | D:5      | Noticed an ice beast
  4413 | D:5      | Killed an ice beast
  4413 | D:5      | Reached XP level 7. HP: 59/59 MP: 10/10
  4990 | D:5      | Found a staircase to the Ecumenical Temple.
  5030 | D:5      | Reached XP level 8. HP: 65/67 MP: 12/12
  5378 | D:6      | Found a transporter.
  5414 | D:6      | Found a transporter.
  5798 | D:6      | Found a shimmering altar of Xom.
  5873 | D:6      | Found a hazy altar of Hepliaklqana.
  6039 | D:7      | Noticed Joseph
  6058 | D:7      | Killed Joseph
  6058 | D:7      | Reached XP level 9. HP: 15/73 MP: 14/14
  6418 | D:7      | HP: 2/74 [centaur (5)]
  6419 | D:7      | Slain by a centaur

Levels and vault maps discovered:
D:1:      saegor_arrival_under_anarchy, layout_basic,
          chequers_serial_rivers_room_b
D:2:      layout_basic, lemuel_coloured_pillars_altar, lemuel_doored_altar,
          minmay_pentomino_w4
D:3:      layout_loops_ring, yredelemnul_altar_generic,
          grunt_temple_overflow_order_and_chaos_2,
          lemuel_zombie_altar_kikubaaqudgha, grunt_qazlal_clouds,
          uniq_crazy_yiuf_cottage, uniq_ijyb
D:4:      layout_layer_cave, grunt_dithmenos_smoke
D:5:      layout_loops_corners, minmay_temple_entry_enclosed_plants,
          first_ration
D:6:      gammafunk_cloud_chamber, layout_rooms, old_standard_altar, basic_altar
D:7:      layout_loops_ring, serial_shops, nicolae_shop_crystal, uniq_duvessa,
          uniq_joseph

Skill      XL: |  1  2  3  4  5  6  7  8  9 |
---------------+----------------------------+-----
Invocations    | 1 2 3 4 |  4.4
Short Blades   | 1 2 3 4 |  4.0
Long Blades    | 1 2 3 4 |  4.0
Axes           | 1 2 3 4 |  4.0
Maces & Flails | 1 2 3 4 |  4.0
Staves         | 1 2 3 4 |  4.0
Slings         | 1 2 3 4 |  4.0
Bows           | 1 2 3 4 |  4.0
Crossbows      | 1 2 3 4 |  4.0
Throwing       | 1 2 3 4 |  4.0
Dodging        | 1 2 3 4 |  4.0
Stealth        | 1 2 3 4 |  4.0
Unarmed Combat | 1 2 3 4 |  4.0
Spellcasting   | 1 2 3 4 |  4.0
Evocations     | 1 2 3 4 |  4.0
Conjurations   | 1 2 3 |  3.3
Hexes          | 1 2 3 |  3.3
Charms         | 1 2 3 |  3.3
Summonings     | 1 2 3 |  3.3
Necromancy     | 1 2 3 |  3.3
Translocations | 1 2 3 |  3.3
Transmutations | 1 2 3 |  3.3
Fire Magic     | 1 2 3 |  3.3
Ice Magic      | 1 2 3 |  3.3
Air Magic      | 1 2 3 |  3.3
Earth Magic    | 1 2 3 |  3.3
Poison Magic   | 1 2 3 |  3.3
Polearms       | 5 6 |  6.2
Fighting       | 7 |  7.8
Armour         | 7 |  7.8
Shields        | 7 |  7.8

Action                   |  1- 3 |  4- 6 |  7- 9 || total
-------------------------+-------+-------+-------++-------
Melee: Trident           |   118 |   310 |   309 ||   737
       Bite              |     8 |    43 |    40 ||    91
Invok: Curse Item        |       |     1 |     2 ||     3
Evoke: Wand              |       |     1 |       ||     1
  Use: Potion            |       |       |     1 ||     1
  Eat: Chunk             |     2 |    10 |     7 ||    19
Armor: Scale mail        |    46 |       |       ||    46
       Chain mail        |    15 |   143 |   129 ||   287
Dodge: Dodged            |    30 |    71 |    78 ||   179
Block: Shield            |    82 |   168 |   188 ||   438
